 Dungeon Crawl Stone Soup version 0.30-a0-219-gf2db51d15e (webtiles) character file.

Game seed: 1488809208328843426

227 brightshaft the Twirler (level 5, -7/45 HPs)
             Began as a Minotaur Gladiator on Oct 8, 2022.
             Was an Initiate of Qazlal.
             Killed by divine providence
             ... invoked by an orc priest
              (17 damage)
             ... on level 4 of the Dungeon.
             The game lasted 00:06:03 (2946 turns).

brightshaft the Twirler (Minotaur Gladiator)        Turns: 2946, Time: 00:06:04

Health: -7/45      AC:  9    Str: 21    XL:     5   Next: 70%
Magic:  4/4        EV: 23    Int:  5    God:    Qazlal [......]
Gold:   130        SH:  0    Dex: 11    Spells: 4/4 levels left

rFire   . . .      SeeInvis .    a - +1 quarterstaff
rCold   . . .      Faith    .    (shield currently unavailable)
rNeg    . . .      Spirit   .    w - +0 chain mail
rPois   .          Reflect  .    c - +0 hat
rElec   .          Harm     .    q - +0 cloak
rCorr   .          Rampage  .    (no gloves)
Will    +....                    (no boots)
Stlth   ..........               j - amulet of the acrobat
HPRegen 0.27/turn                g - ring of willpower
MPRegen 0.09/turn                (no ring)

@: acrobatic
A: horns 2, retaliatory headbutt
a: Renounce Religion


You were on level 4 of the Dungeon.
You worshipped Qazlal.
Qazlal was noncommittal.
You visited 1 branch of the dungeon, and saw 4 of its levels.

You collected 130 gold pieces.

Inventory:

Hand Weapons
 a - a +1 quarterstaff (weapon)
Missiles
 d - a throwing net (quivered)
 e - a javelin
Armour
 c - a +0 hat (worn)
 q - a +0 cloak (worn)
 w - a +0 chain mail (worn)
Jewellery
 g - a ring of willpower (left hand)
 j - an amulet of the acrobat (around neck)
 l - an amulet of regeneration
 o - a +4 ring of protection
Scrolls
 i - a scroll of blinking
 p - a scroll of teleportation {@r4}
 s - a scroll of magic mapping
Potions
 f - a potion of flight {unknown}
 k - 2 potions of curing {@q1}
 m - 2 potions of ambrosia {unknown}
 n - a potion of heal wounds {unknown}
 r - a potion of attraction {unknown}
 t - a potion of mutation {unknown}


   Skills:
 + Level 3.1 Fighting
 * Level 6.8 Staves
 - Level 2.0 Throwing
 + Level 1.7 Armour
 + Level 3.8 Dodging
 + Level 0.6 Invocations


You had 4 spell levels left.
You didn't know any spells.
Your spell library contained the following spells:

 Spells                   Type           Power      Damage    Failure   Level
 Gell's Gravitas          Tloc           0%         N/A       100%        3
 Lesser Beckoning         Tloc           0%         N/A       100%        3
 Teleport Other           Tloc           0%         N/A       100%        3


Dungeon Overview and Level Annotations

Branches:
Dungeon (4/15)
 Temple: D:4-7

Altars:
Fedhas
Kikubaaqudgha
Makhleb
Qazlal
Yredelemnul

Shops:
D:1 ?

Annotations:
D:4 1 transporter, Edmund


Innate Abilities, Weirdness & Mutations

You have a pair of horns on your head.
You reflexively headbutt those who attack you in melee.


Message History

You hit Edmund.
Edmund is heavily wounded.
An orc comes into view. It is wielding a +0 dagger.
The orc priest barely misses you.
Edmund struggles against the net.
You hit Edmund.
Edmund is heavily wounded.
The orc priest hits you but does no damage.
Edmund struggles against the net.
You catch the helpless Edmund completely off-guard!
You hit Edmund.
Edmund is heavily wounded.
Edmund struggles against the net.
The net rips apart, and Edmund comes free!
You closely miss Edmund.
Edmund is heavily wounded.
Throw: 2 throwing nets
Press: ? - help, Q - select action, (/) - cycle Shift-Dir - straight line, f/p - Edmund
Aim: Edmund, wielding a +2 flail of holy wrath and wearing a +0 scale mail (heavily wounded, 61% to hit)
You throw a throwing net. The throwing net hits Edmund.
Edmund is caught in the net!
Edmund is heavily wounded.
The orc priest mumbles some strange prayers to Beogh against you.
Pain shoots through your body! The ice beast hits you.
The ice beast freezes you!
Edmund struggles against the net.
You hit Edmund but do no damage.
Edmund is heavily wounded.
The orc hits you but does no damage. The orc priest barely misses you.
The ice beast hits you. The ice beast freezes you!
* * * LOW HITPOINT WARNING * * *
Edmund struggles against the net.
You feel better. The orc hits you but does no damage.
The orc priest hits you but does no damage.
The ice beast closely misses you. You furiously retaliate!
You headbutt the ice beast.
Edmund struggles against the net.
Blink to where?
Press: ? - help, Dir - move target, p - Edmund
As you read the scroll of blinking, it crumbles to dust.
The orc priest invokes the aid of Beogh against you.
Beogh smites you!
You die...

........# #....##.#.....#
....?...# #..)..#.###...#
........#########..#.# #...######
...............##..#...#.......#.
..............)†...###.#...###.##
...............†..........>###.##
#......Y.......#...........)..##
#.o@§...o......#######.....#####
#..†....o......@.........#......
#.....).......####...#.....#..##
#............[[....©.....#....#<
.$######.######?#########.#.#.###
#. #.# .#8P.©.P8#.#.#.# # #.#
.#P../..P#.#.#.# .#
.####+####.#.#.# .#.≈...≈o#.#...#
≈...≈.#.#####


You could see an orc priest and an orc.

Vanquished Creatures
  A scorpion (D:4)
  Jessica (D:2)
  4 gnolls (D:3)
  An adder (D:2)
  A worm (D:3)
  A dart slug (D:1)
  3 orcs
  11 bats
  A bat zombie (D:3)
  5 endoplasms
  A giant cockroach (D:1)
  9 goblins
  4 hobgoblins
  3 jackals (D:4)
  6 quokkas
  12 ball pythons
  3 frilled lizards
  10 kobolds
  5 rats
  3 rat zombies (D:3)
85 creatures vanquished.

Notes
Turn   | Place    | Note
-------+----------+-------------------------------------------
     0 | D:1      | brightshaft the Minotaur Gladiator began the quest for the
                  | Orb.
     0 | D:1      | Reached XP level 1. HP: 18/18 MP: 0/0
    70 | D:1      | Reached skill level 4 in Staves
   141 | D:1      | Reached XP level 2. HP: 25/25 MP: 1/1
   172 | D:1      | Found a faded altar of an unknown god.
   391 | D:1      | Found Hol Viysm's Magic Scroll Shop.
   509 | D:1      | Reached skill level 5 in Staves
   560 | D:1      | Reached XP level 3. HP: 30/30 MP: 2/2
   968 | D:2      | Noticed Jessica
   972 | D:2      | Killed Jessica
  1148 | D:2      | Reached XP level 4. HP: 34/37 MP: 3/3
  1186 | D:2      | Reached skill level 6 in Staves
  1622 | D:3      | Found an ancient bone altar of Kikubaaqudgha.
  1830 | D:3      | Reached skill level 1 in Armour
  1973 | D:3      | Reached XP level 5. HP: 44/44 MP: 4/4
  2264 | D:3      | Found a blossoming altar of Fedhas.
  2266 | D:3      | Found a basalt altar of Yredelemnul.
  2267 | D:3      | Found a stormy altar of Qazlal.
  2292 | D:3      | Became a worshipper of Qazlal Stormbringer
  2832 | D:4      | Found a transporter.
  2924 | D:4      | Found a burning altar of Makhleb.
  2926 | D:4      | Noticed Edmund
  2930 | D:4      | Noticed an ice beast
  2940 | D:4      | HP: 2/45 [ice beast (12)]
  2946 | D:4      | Killed from afar by an orc priest

Illustrated notes

Levels and vault maps discovered:
D:1:      dpeg_arrival_rooms_with_view, layout_loops_ring, serial_shops,
          nicolae_shop_hallway_stairs, ebering_ecumenical_altar_mist
D:2:      layout_basic, uniq_jessica
D:3:      layout_basic, lemuel_zombie_altar_kikubaaqudgha,
          chequers_temple_overflow_statue_of_worship
D:4:      gammafunk_wand_slinger, layout_basic, overflow_temple_1_default,
          uniq_edmund, uniq_duvessa

Skill      XL: |  1  2  3  4  5 |
---------------+----------------+-----
Staves         | 4 5 6 |  6.8
Armour         | 1 |  1.7
Fighting       | 3 |  3.1
Throwing       | |  2.0
Dodging        | |  3.8
Invocations    | |  0.6

Action                   |  1- 3 |  4- 6 || total
-------------------------+-------+-------++-------
Melee: Quarterstaff      |    68 |    82 ||   150
       Headbutt          |    10 |    11 ||    21
Throw: Throwing net      |       |     2 ||     2
  Use: Scroll            |     3 |     7 ||    10
       Potion            |       |     1 ||     1
 Stab: Held in net/web   |       |     1 ||     1
Armor: Ring mail         |    27 |    13 ||    40
       Chain mail        |       |    11 ||    11
Dodge: Dodged            |    45 |    53 ||    98

Table legend: (Time is in decaauts)
 A = Elapsed time spent in this place.
 B = Non-inter-level travel time spent in this place.
 C = Inter-level travel time spent in this place.
 D = Time resting spent in this place.
 E = Time spent auto-exploring this place.
 F = Levels seen in this place.
 G = Mean time per level.
                   A        B        C        D        E       F      G
               +--------+--------+--------+--------+--------+-----+--------+
         Total |   2947 |   2862 |     85 |      0 |   2341 |   4 |  736.8 |
       Dungeon |   2947 |   2862 |     85 |      0 |   2341 |   4 |  736.8 |
               +--------+--------+--------+--------+--------+-----+--------+

Top non-repeatable levels by time:
     D:3: 1257 daAuts
     D:1: 842 daAuts
     D:2: 705 daAuts
     D:4: 141 daAuts
